 Dungeon Crawl Stone Soup version 0.30.2 (webtiles) character file.

Game seed: 15885370930267403395

764 Nonny the Stinger (level 7, -3/61 HPs)
             Began as a Naga Venom Mage on Apr 20, 2024.
             Was an Initiate of Ru.
             Slain by an ogre
             ... wielding a +0 giant spiked club
              (31 damage)
             ... on level 5 of the Dungeon.
             The game lasted 00:19:53 (4189 turns).

Nonny the Stinger (Naga Venom Mage)                 Turns: 4189, Time: 00:19:54

Health: -3/61      AC:  5    Str: 11    XL:     7   Next: 81%
Magic:  3/13       EV:  9    Int: 18    God:    Ru [......]
Gold:   428        SH:  0    Dex: 11    Spells: 4/14 levels left

rFire   + . .        m - +2 dagger (speed)
rCold   + . .        (no shield)
rNeg    . . .        z - +1 leather armour "Wefemeis" {Int+3}
rPois   +            d - +0 helmet
rElec   .            e - scarf {rC+ rF+}
rCorr   +            (no gloves)
SInv    +            (no barding)
Will    .....        (no amulet)
Stlth   +++          g - ring of wizardry
HPRegen 0.30/turn    p - ring of resist corrosion
MPRegen 0.13/turn

%: wizardry (x1)
@: very slow
A: AC +2, large, see invisible, deformed body, poison resistance, slowness 2,
spit poison 1, naga tail 1, stinger 1, dopey 1
a: Spit Poison, Renounce Religion


You were on level 5 of the Dungeon.
You worshipped Ru.
Ru was noncommittal.
You visited 1 branch of the dungeon, and saw 5 of its levels.

You collected 428 gold pieces.

Inventory:

Hand Weapons
 i - a +2 short sword of venom
 m - a +2 dagger of speed (weapon)
 s - a +3 short sword
Missiles
 f - 4 javelins
 h - 51 stones (quivered)
 t - 2 curare-tipped darts
Armour
 d - a +0 helmet (worn)
 e - a scarf of resistance (worn)
 z - the +1 leather armour "Wefemeis" (worn) {Int+3}
   (You found it on level 5 of the Dungeon)

   Int:       It affects your intelligence (+3).
Jewellery
 g - a ring of wizardry (left hand)
 j - a ring of flight
 p - a ring of resist corrosion (right hand)
 y - a +6 ring of intelligence
Wands
 q - a wand of flame (24)
Scrolls
 a - a scroll of immolation {unknown}
 c - a scroll of magic mapping {unknown}
 k - 2 scrolls of fear
 l - a scroll of enchant weapon
 o - 2 scrolls of identify
 r - a scroll of teleportation {unknown}
 w - a scroll of silence {unknown}
Potions
 b - a potion of magic
 n - 3 potions of degeneration
 u - 2 potions of curing {unknown}
 v - a potion of heal wounds {unknown}
 x - a potion of haste {unknown}


   Skills:
 + Level 2.7 Fighting
 + Level 1.8 Dodging
 - Level 6.0 Stealth
 + Level 4.2 Spellcasting
 - Level 1.0 Transmutations
 - Level 2.0 Air Magic
 + Level 7.6 Poison Magic
 + Level 0.5 Evocations


You had 4 spell levels left.
You knew the following spells:

 Your Spells              Type           Power      Damage    Failure   Level
a - Sting                 Tmut/Pois      76%        1d6       1%          1
b - Poisonous Vapours     Pois/Air       42%        N/A       1%          2
c - Olgreb's Toxic Radia  Pois           31%        N/A       3%          4
d - Mephitic Cloud        Conj/Pois/Air  15%        N/A       6%          3

Your spell library contained the following spells:

 Spells                   Type           Power      Damage    Failure   Level
 Magic Dart               Conj           12%        1d3       8%          1
 Searing Ray              Conj           6%         2d4       12%         2
 Call Canine Familiar     Summ           3%         N/A       22%         3
 Portal Projectile        Hex/Tloc       6%         N/A       22%         3
 Fulminant Prism          Conj/Hex       1%         3d5       56%         4
 Leda's Liquefaction      Hex/Erth       1%         N/A       56%         4


Dungeon Overview and Level Annotations

Branches:
Dungeon (5/15)
 Temple: D:4-7

Altars:
Elyvilon
Hepliaklqana
Makhleb
Nemelex Xobeh
Okawaru
Qazlal
Ru
Trog
Uskayaw

Annotations:
D:3 2 transporters, porpoise's ghost, weakling DsGl


Innate Abilities, Weirdness & Mutations

Your serpentine skin is tough. (AC +2)
You have supernaturally acute eyesight. (SInv)
Armour fits poorly on your strangely shaped body.
Your system is resistant to poisons. (rPois)
You cover ground very slowly.
You can spit poison.
You have a snake-like lower body.
Your tail ends in a venomous barb.
You are dopey. (Int -2)


Message History

Confirm with . or Enter, or press ? or * to list all spells.
Okay, then.
Unknown command.
Casting: Olgreb's Toxic Radiance (dangerous; 3% risk of failure)
Confirm with . or Enter, or press ? or * to list all spells.
Aiming: Mephitic Cloud (dangerous; 6% risk of failure)
Press: ? - help, Shift-Dir - straight line, f - ogre
Aim: an ogre, wielding a +0 giant spiked club (moderately wounded, very poisoned, chance to affect: 77%)
The ball explodes into a vile cloud!
The stinking cloud engulfs the ogre but does no damage.
The ogre is moderately wounded.
The stinking cloud engulfs you but does no damage.
The ogre looks even sicker.
Unknown command.
Unknown command.
Unknown command.
The ogre looks as sick as possible!
Your toxic aura wanes.
The ogre is engulfed in noxious fumes.
Unknown command.
You hit the ogre.
The ogre is heavily wounded.
The ogre is engulfed in noxious fumes.
The ogre completely misses you.
Unknown command.
You hit the ogre.
The ogre is severely wounded.
Unknown command.
Casting: Mephitic Cloud (dangerous; 6% risk of failure)
Confirm with . or Enter, or press ? or * to list all spells.
Aiming: Mephitic Cloud (dangerous; 6% risk of failure)
Press: ? - help, Shift-Dir - straight line, f/p - ogre
Aim: an ogre, wielding a +0 giant spiked club (noxious fumes, severely wounded, extremely poisoned, chance to affect: 77%)
The ball explodes into a vile cloud!
The stinking cloud engulfs the ogre but does no damage.
The ogre is severely wounded.
The stinking cloud engulfs you but does no damage.
The ogre is engulfed in noxious fumes.
The ogre hits you with a +0 giant spiked club!!
Ouch! That really hurt!
You die...

#####...... #+#
#...... #.#
#...... #.#
###'### #.# #...#
#○# #########.#.#
#°####......##.#..
#O○..........#.###
#@○#######.#.#.#
#..# #.....# #..#
+.##### #..# #.#
#..# #.# #..# #.#
#..# #.#
#..#######.##
.........######


You could see an ogre (very poisoned).

Vanquished Creatures
  Sigmund (D:4)
  An ice beast (D:5)
  A phantom (D:3)
  3 scorpions
  A hound (D:5)
  An iguana (D:5)
  A sleepcap (D:4)
  An orc wizard (D:5)
  5 adders
  A white imp (D:5)
  An ufetubus (D:4)
  2 worms (D:2)
  2 dart slugs
  8 orcs
  6 endoplasms
  5 giant cockroaches
  9 goblins
  6 hobgoblins
  A quokka (D:5)
  6 ball pythons
  6 bats
  4 frilled lizards
  5 kobolds
  4 rats
81 creatures vanquished.

Notes
Turn   | Place    | Note
-------+----------+-------------------------------------------
     0 | D:1      | Nonny the Naga Venom Mage began the quest for the Orb.
     0 | D:1      | Reached XP level 1. HP: 15/15 MP: 3/3
    18 | D:1      | Starting vault: lava and deep pools, stairs next to
                  | entrance.
   373 | D:1      | Reached XP level 2. HP: 24/24 MP: 3/5
   497 | D:1      | +2 short sword of venom on northwester kobold
   698 | D:1      | Learned a level 2 spell: Poisonous Vapours
   799 | D:2      | Reached XP level 3. HP: 30/30 MP: 1/6
   857 | D:2      | Reached skill level 1 in Fighting
  1046 | D:2      | Reached skill level 5 in Poison Magic
  1122 | D:2      | Reached XP level 4. HP: 20/38 MP: 7/7
  1455 | D:3      | scarf of resistance
  1614 | D:3      | Trees vault. Contains goblin with +0 club an adder.
  1648 | D:3      | Noticed a scorpion
  1655 | D:3      | Killed a scorpion
  1656 | D:3      | Reached skill level 5 in Stealth
  1656 | D:3      | Reached XP level 5. HP: 34/45 MP: 5/8
  1725 | D:3      | Found a transporter.
  1725 | D:3      | Noticed porpoise's ghost (weakling DsGl)
  1778 | D:3      | Found a transporter.
  2291 | D:4      | ruby potion - degeneration
  2291 | D:4      | EKEGYSCHANA - identify
  2302 | D:4      | Noticed a phantom
  2325 | D:3      | HERCHO EFUAPAGG - fear
  2326 | D:3      | RADOCZ ENULIST - enchant weapon
  2329 | D:3      | Gained mutation: Your tail ends in a venomous barb. [potion
                  | of mutation]
  2329 | D:3      | Gained mutation: You are dopey. (Int -2) [potion of
                  | mutation]
  2375 | D:3      | Killed a phantom
  2516 | D:4      | Found a sacrificial altar of Ru.
  2516 | D:4      | Found a hide-covered altar of Uskayaw.
  2524 | D:4      | Found a sparkling altar of Nemelex Xobeh.
  2526 | D:4      | Found a white marble altar of Elyvilon.
  2527 | D:4      | Found a hazy altar of Hepliaklqana.
  2539 | D:4      | Reached XP level 6. HP: 42/52 MP: 9/9
  2582 | D:4      | Became a worshipper of Ru the Awakened
  2746 | D:4      | Learned a level 4 spell: Olgreb's Toxic Radiance
  2877 | D:4      | Noticed Sigmund
  2884 | D:4      | Killed Sigmund
  2885 | D:4      | Reached skill level 6 in Poison Magic
  2890 | D:4      | Learned a level 3 spell: Mephitic Cloud
  2996 | D:4      | Reached XP level 7. HP: 27/60 MP: 6/12
  3322 | D:5      | Entered Level 5 of the Dungeon
  3425 | D:5      | Reached skill level 7 in Poison Magic
  3466 | D:5      | Found a burning altar of Makhleb.
  3810 | D:5      | Identified the +1 leather armour "Wefemeis" {Int+3}
  3867 | D:5      | Found an iron altar of Okawaru.
  3867 | D:5      | Found a bloodstained altar of Trog.
  4012 | D:5      | Found a stormy altar of Qazlal.
  4189 | D:5      | Slain by an ogre

Illustrated notes ##.....# ##......# #......## #..##'#..# # ###.##.# ##### ####.+.<>.+.##....# .....###.##........ ≈≈§≈..##'#..≈≈≈≈... §§≈≈≈..@...≈≈≈≈≈≈.. §≈≈≈≈......≈≈≈≈≈≈.. ≈§§≈≈......≈≈≈≈≈≈.. §≈≈≈...##...≈≈≈≈... ....... ##......... ######. ######...# #. ... .. ## Turn 18 on D:1: Starting vault: lava and deep pools, stairs next to entrance. ############ #..........# #..........# #..........# #..........# ###.##.....# ####.##.....# #.#######.##.##.....# #...@)....##.##.....# #.#######.##.#......# #..........#.###### ...##...#..#....... ..........######## ......###.#....... #####............. #. #......... #. #......... Turn 497 on D:1: +2 short sword of venom on northwester kobold ## . ## ##### ##.#.. ....# ...... ..#.# #.##.# #.#.# #.##.# #.#.# #.##.# #$#.# #.##.#@##.###.#.####### ..........>............. .#.##.##.......#.##...## #...#.#.........#... ###.#.#.........#.## #.#.#.........#.. .................. .......©........#. ..#############..#. Turn 1455 on D:3: scarf of resistance #............>.......... #################.#.##.# #...............##.. #.###########.###### #.### #...# ### #...# #.### #.. #.#.# #.# #.. ####†#### #.# #.. #...@...# #.######.. #.♣♣.♣♣.# #.##...... #.♣.♣.♣.# #.##...... #..♣.♣..# #.......). #.♣.♣.♣.# ####...... #.♣♣.♣♣.# #^..... #.......# #...... ######### #...... ........ Turn 1614 on D:3: Trees vault. Contains goblin with +0 club an adder. ### #@# #.# ... .#.## #+#.. .## . # Turn 2291 on D:4: ruby potion - degeneration

#...#.#############..##.#
##...#.###..########..##.#
..................##..##.#
##...#.###..#####.##..##.#####
#...#.#.#............##.....#
##...#.#.#..###.#§###.####.###
.....................># #.#
.#######.#####...W##..####.#
.###...#........@..........#
##...#.#.#####.#.#.#..######
#.###.#....##.##...##.##
#..........#...#####...##
#####.#.#....#....)..#..#
#.#.#..#...#####...## ####
#.#.##.##.## ##.##
...###.#.....#.# #.#
##..##.#######.# #.#


Turn 2325 on D:3: HERCHO EFUAPAGG - fear .#############..##.#
.###..########..##.# ............##..##.# .###..#####.##..##.#####
.#.#............##.....# .#.#..###.#.###.####.### ...............># #.#
##.#####...§##..####.# .#........§.....@W...# .#.#####.#.#.#..######
.#....##.##...##.## ......#...#####...## .#.#....#....)..#..#
.#.#..#...#####...## .#.##.##.## ##.## .#.....#.# #.# .#######.# #.# Turn 2326
on D:3: RADOCZ ENULIST - enchant weapon

Levels and vault maps discovered:
D:1:      dpeg_arrival_pits, layout_basic
D:2:      layout_basic, grunt_ministairs_7
D:3:      layout_basic, gammafunk_ghost_mausoleum, minmay_misc_feat_tower,
          minmay_door_square, minmay_statues_item, kennysheep_generic_room_9
D:4:      layout_basic, chequers_temple_overflow_minitemple,
          minmay_gold_behind_fungi, uniq_sigmund
D:5:      dreamdust_elfheim, layout_basic, amcnicky_altar_gilded,
          grunt_temple_overflow_bloody_war, kennysheep_mini

Skill      XL: |  1  2  3  4  5  6  7 |
---------------+----------------------+-----
Fighting       | 1 2 |  2.7
Stealth        | 4 5 6 |  6.0
Poison Magic   | 5 6 7 |  7.6
Spellcasting   | 3 4 |  4.2
Air Magic      | 2 |  2.0
Dodging        | |  1.8
Transmutations | |  1.0
Evocations     | |  0.5

Action                     |  1- 3 |  4- 6 |  7- 9 || total
---------------------------+-------+-------+-------++-------
  Melee: Dagger            |     7 |   130 |    48 ||   185
         Unarmed           |     2 |       |       ||     2
         Short sword       |    51 |    11 |       ||    62
         Punch             |       |     3 |       ||     3
  Throw: Stone             |     1 |       |       ||     1
   Cast: Sting             |    15 |     7 |       ||    22
         Olgreb's Toxic Ra |       |     3 |     7 ||    10
         Poisonous Vapours |       |     1 |       ||     1
         Mephitic Cloud    |       |       |     2 ||     2
Ability: Spit Poison       |     8 |     6 |     2 ||    16
  Evoke: Wand              |       |       |     4 ||     4
    Use: Scroll            |       |     5 |       ||     5
         Potion            |       |     4 |       ||     4
   Stab: Sleeping          |     5 |     2 |       ||     7
 Armour: Robe              |    13 |    24 |     3 ||    40
         Leather armour    |       |       |     4 ||     4
  Dodge: Dodged            |    34 |    60 |    14 ||   108
